Selects Air and Sea Battlegroup
Construct Section Command Post
Construct Field Infirmary
Construct Platoon Command Post
Unlock Bishop Self-propelled Artillery
6-pounder Anti-tank Gun Team
Selects Commando Section Paradrop
Bishop Self-propelled Artillery
Selects Commando Support Section Paradrop
Commando Section Paradrop
Construct Company Command Post
Unlock M3 Grant Medium Tanks
Selects Incendiary Bombing Run
Commando Support Section Paradrop